 Dungeon Crawl Stone Soup version 0.24-a0-537-g2d01d4ab0a (webtiles) character file.

Game seed: 7384062575212226370

107 zenki the Covered (level 4, 0/41 HPs)
             Began as a Minotaur Fighter on Aug 16, 2019.
             Killed by nerve-wracking pain
             ... invoked by Grinder
              (10 damage)
             ... on level 3 of the Dungeon.
             The game lasted 00:03:43 (1987 turns).

zenki the Covered (Minotaur Fighter)                Turns: 1987, Time: 00:03:44

Health: 0/41       AC:  7    Str: 21    XL:     4   Next: 57%
Magic:  3/3        EV:  7    Int:  5    God:
Gold:   99         SH:  9    Dex: 10    Spells: 3/3 levels left

rFire    . . .     SeeInvis .   a - +0 flail
rCold    . . .     Gourm    .   c - +0 shield
rNeg     . . .     Faith    .   b - +0 scale mail
rPois    .         Spirit   .   (helmet restricted)
rElec    .         Reflect  .   (no cloak)
rCorr    .         Harm     .   (no gloves)
MR       .....                  (no boots)
Stlth    ..........             (no amulet)
HPRegen  0.13/turn              (no ring)
MPRegen  0.08/turn              (no ring)

@: no status effects
A: retaliatory headbutt, horns 2
a: no special abilities


You were on level 3 of the Dungeon.
You were not hungry.

You visited 1 branch of the dungeon, and saw 3 of its levels.

You collected 99 gold pieces.

Inventory:

Hand Weapons
 a - a +0 flail (weapon)
Armour
 b - a +0 scale mail (worn)
 c - a +0 shield (worn)
Jewellery
 o - an uncursed ring of positive energy {unknown}
Scrolls
 e - 3 scrolls of identify {unknown}
 h - a scroll of magic mapping {unknown}
 i - 2 scrolls of enchant weapon {unknown}
 j - a scroll of noise {unknown}
 l - a scroll of amnesia {unknown}
 p - a scroll of remove curse {unknown}
Potions
 d - a potion of might
 g - a potion of invisibility {unknown}
 k - 2 potions of haste {unknown}
 m - a potion of curing {unknown}
Comestibles
 f - 3 rations
 n - a chunk of flesh


   Skills:
 + Level 4.5 Fighting
 + Level 3.5 Maces & Flails
 + Level 4.5 Armour
 + Level 4.5 Shields


You had 3 spell levels left.
You didn't know any spells.
Your spell library was empty.

Dungeon Overview and Level Annotations

Branches:
Dungeon (3/15)

Altars:

Annotations:
D:3 Grinder


Innate Abilities, Weirdness & Mutations

You reflexively headbutt those who attack you in melee.
You have a pair of horns on your head.


Message History

Grinder is almost dead.
You block Grinder's attack. Grinder completely misses you.
You barely miss Grinder.
Grinder is almost dead.
Grinder hits you.
* * * LOW HITPOINT WARNING * * *
You writhe in agony.
* * * LOW HITPOINT WARNING * * *
Your shield and scale mail prevent you from hitting Grinder.
Grinder is almost dead.
Grinder hits you.
* * * LOW HITPOINT WARNING * * *
You barely miss Grinder. Your headbutt misses Grinder.
Grinder is almost dead.
Grinder hits you but does no damage.
You barely miss Grinder.
Grinder is almost dead.
Grinder gestures at you. Pain shoots through your body!
You die...

#.# ...# #.# #..#
#.# #.. #.# #..
##.## #.#####.#
#...## #.......#
#....# #.# ##....#
##%##
#...#.#########.@.##
................5..#
#...#.#########....+
##.##.# .....#
####.# #)....# #.#
#....... #.#
#.!.....# #.#
#.......# #.#
###.###


You could see Grinder.

Vanquished Creatures
  4 adders
  An ooze (D:1)
  3 worms
  A dart slug (D:2)
  2 leopard geckos
  An orc (D:3)
  A ball python (D:2)
  A giant cockroach (D:1)
  9 goblins
  2 hobgoblins (D:3)
  4 jackals (D:1)
  3 kobolds
  3 quokkas
  7 bats
  6 frilled lizards
  8 rats
56 creatures vanquished.

Notes
Turn   | Place    | Note
-------+----------+-------------------------------------------
     0 | D:1      | zenki the Minotaur Fighter began the quest for the Orb.
     0 | D:1      | Reached XP level 1. HP: 19/19 MP: 0/0
    67 | D:1      | Reached XP level 2. HP: 24/27 MP: 1/1
   432 | D:1      | Reached XP level 3. HP: 33/33 MP: 2/2
  1168 | D:2      | Reached XP level 4. HP: 40/40 MP: 3/3
  1972 | D:3      | Noticed Grinder
  1987 | D:3      | Killed from afar by Grinder

Levels and vault maps discovered:
D:1:      dpeg_arrival_round_a, layout_basic, st_stairs_7
D:2:      layout_rooms
D:3:      layout_loops_corners, grunt_ministairs_12, kennysheep_small_spiral,
          uniq_grinder

Skill      XL: |  1  2 |
---------------+-------+-----
Shields        | 4 |  4.5
Fighting       | 4 |  4.5
Armour         | 4 |  4.5
Maces & Flails | 3 |  3.5

Action                   |  1- 3 |  4- 6 || total
-------------------------+-------+-------++-------
Melee: Flail             |    84 |    48 ||   132
       Headbutt          |    10 |     5 ||    15
  Eat: Chunk             |       |     4 ||     4
Armor: Scale mail        |    42 |    11 ||    53
Dodge: Dodged            |    27 |     9 ||    36
Block: Shield            |    54 |    21 ||    75

Table legend:
 A = Non-vault XP
 B = Vault XP
 C = Vault XP percentage of total XP
 D = Non-vault monster count
 E = Vault monster count
 F = Vault count percentage of total count
                 A         B        C        D         E       F
            +---------+---------+-------+---------+---------+-------
      Total |     146 |       8 |   5.2 |      53 |       3 |   5.4
            +---------+---------+-------+---------+---------+-------
        D:1 |      43 |       1 |   2.3 |      26 |       1 |   3.7
        D:2 |      54 |       0 |   0.0 |      15 |       0 |   0.0
        D:3 |      49 |       7 |  12.5 |      12 |       2 |  14.3
            +---------+---------+-------+---------+---------+-------
